 Dungeon Crawl Stone Soup version 5.7-8-g3a8b389 (webtiles) character file.

1 abdallah the Ruffian (level 6, -2/55 HPs) *CASUAL*
             Began as a Titan Transmuter on Nov 8, 2018.
             Killed by divine providence
             ... invoked by an orc priest
              (13 damage)
             ... on level 3 of the Dungeon.
             The game lasted 00:04:34 (2447 turns).

abdallah the Ruffian (Titan Transmuter)             Turns: 2447, Time: 00:04:35

Health: -2/55      AC:  4 (0%)Str: 15   XL:     6   Next: 7%
Magic:  13/13      EV: 10    Int: 21    God:
Gold:   184        SH:  0    Dex: 14    Spells: 9/12 levels left

rFire    + . .     SeeInvis .     - Unarmed
rCold    . . .     Faith    .   (no shield)
rNeg     . . .     Spirit   .   a - +2 robe {rF+}
rPois    .         Reflect  .   (helmet restricted)
rElec    +                      (no cloak)
rCorr    .                      (gloves unavailable)
MR       .....                  (boots unavailable)
Stlth    +.........             (no amulet)
Regen    0.2/turn               (no ring)
MPRegen  0.2/turn               (no ring)

@: appendage
A: unfitting armour, talons 3, high mp 1, electricity resistance
a: End Transformation


You were on level 3 of the Dungeon.
You were not hungry.
You had grown temporary talons.
You visited 1 branch of the dungeon, and saw 3 of its levels.

You collected 184 gold pieces.

Inventory:

Missiles
 d - 54 javelins (quivered)
Armour
 a - a +2 robe of fire resistance (worn)
Scrolls
 e - 2 scrolls of enchant weapon
 i - a scroll of enchant armour
 m - a scroll of amnesia
Potions
 b - 2 potions of mutation
 f - a potion of haste
 g - a potion of augmentation
 h - a potion of flight
 j - a potion of resistance
 k - a potion of lignification
 l - a potion of invisibility


   Skills:
 - Level 1.3 Fighting
 - Level 1.7 Dodging
 + Level 6.4 Unarmed Combat
 + Level 3.4 Transmutations


You had 9 spell levels left.
You knew the following spells:

 Your Spells              Type           Power        Failure   Level  Hunger
a - Beastly Appendage     Tmut           14 (50)      4%          1    N/A
b - Passwall              Tmut/Erth      7 (200)      14%         2    N/A

Your spell library contained the following spells:

 Spells                   Type           Power        Failure   Level  Hunger
 Spider Form              Tmut           14 (200)     13%         3    N/A
 Blade Hands              Tmut           14 (200)     77%         5    N/A
 Ice Form                 Ice/Tmut       7 (100)      65%         4    N/A

Dungeon Overview and Level Annotations

Branches:
Dungeon (3/15)


Innate Abilities, Weirdness & Mutations

You are too large for most types of armour.
You have an increased reservoir of magic. (+10% MP)
You are resistant to electric shocks. (rElec)
You have claws for feet.


Message History

The ooze hits you (4).
* * * LOW HITPOINT WARNING * * *
You feel much better. The ooze hits you but does no damage.
You punch the ooze (8)!
The ooze is severely wounded.
The ooze hits you (1).
You punch the ooze (8)!
You kill the ooze!
The orc priest mumbles some strange prayers to Beogh against you.
Beogh smites you (14)!
* * * LOW HITPOINT WARNING * * *
The orc priest hits you with a +0 hand axe (3).
* * * LOW HITPOINT WARNING * * *
Things that are here:
a +0 war axe; a +0 mace You hit the orc priest (5).
You claw the orc priest (6).
The orc priest is severely wounded.
The orc priest calls down the wrath of Beogh upon you.
Beogh smites you (13)!
You die...

#.#####...# #. #.#
#.#.## ## #.#
#..#..# # #.#
#.#.#.#.# # #.#
#.#.#.#.# # #.# .
#.#.##.# #. #.
#.#.##.#### .
+.+o'.....##########
#@# o## .........
#.# o #########
#)#.# #.#.# #..#
#.## #......#
########


You could see an orc priest.

Vanquished Creatures
  A worker ant (D:3)
  6 adders
  An ooze (D:3)
  4 orcs (D:3)
  5 quokkas
  3 giant cockroaches
  5 goblins
  6 hobgoblins
  5 kobolds
  2 ball pythons
  9 bats
  4 frilled lizards
  8 rats
59 creatures vanquished.

Notes
Turn   | Place    | Note
-------+----------+-------------------------------------------
     0 | D:1      | abdallah the Titan Transmuter began the quest for the Orb.
     0 | D:1      | Reached XP level 1. HP: 19/19 MP: 4/4
   201 | D:1      | Reached XP level 2. HP: 24/27 MP: 5/5
   336 | D:1      | Reached skill level 4 in Unarmed Combat
   482 | D:1      | Reached XP level 3. HP: 33/33 MP: 7/7
  1117 | D:2      | Found a bloodstained altar of Trog.
  1145 | D:2      | Reached skill level 5 in Unarmed Combat
  1145 | D:2      | Reached XP level 4. HP: 34/41 MP: 9/9
  1407 | D:2      | Found a glowing silver altar of Zin.
  1423 | D:2      | Learned a level 2 spell: Passwall
  1450 | D:2      | Reached XP level 5. HP: 12/48 MP: 11/11
  1672 | D:2      | Found an ornate altar of the Wu Jian Council.
  1709 | D:2      | Found a faded altar of an unknown god.
  2015 | D:3      | Reached skill level 6 in Unarmed Combat
  2223 | D:3      | Found a burning altar of Makhleb.
  2436 | D:3      | Reached XP level 6. HP: 32/55 MP: 13/13
  2447 | D:3      | Killed from afar by an orc priest

Skill      XL: |  1  2  3  4  5 |
---------------+----------------+-----
Unarmed Combat | 4 5 6 |  6.4
Transmutations | 3 |  3.4
Fighting       | |  1.3
Dodging        | |  1.7

Action                   |  1- 3 |  4- 6 || total
-------------------------+-------+-------++-------
Melee: Unarmed           |    69 |   100 ||   169
       Kick              |    10 |    15 ||    25
       Punch             |     1 |     3 ||     4
 Cast: Beastly Appendage |     1 |       ||     1
  Use: Potion            |       |     1 ||     1
 Stab: Sleeping          |       |     1 ||     1
Armor: Robe              |    38 |    27 ||    65
Dodge: Dodged            |    43 |    40 ||    83
